 Dungeon Crawl Stone Soup version 0.28-a0-1435-g82390b3a13 (webtiles) character file.

Game seed: 1296928669675055820

3602 siradein the Magician (level 10, 0/108 HPs)
             Began as a Djinni Venom Mage on Jan 10, 2022.
             Was an Initiate of Makhleb.
             Slain by a water moccasin (2 damage)
             ... on level 6 of the Dungeon.
             The game lasted 00:34:04 (11608 turns).

siradein the Magician (Djinni Venom Mage)          Turns: 11608, Time: 00:34:05

Health: 0/108      AC: 25    Str: 13    XL:     10   Next: 32%
Gold:   73         EV:  2    Int: 21    God:    Makhleb [......] SH:  8 Dex: 14

rFire   + . .      SeeInvis .   b - +0 morningstar
rCold   . . .      Faith    .   i - +0 buckler
rNeg    . . .      Spirit   .   (armour currently unavailable)
rPois   ∞          Reflect  +   (helmet currently unavailable)
rElec   .          Harm     .   (cloak currently unavailable)
rCorr   +          Rampage  .   (gloves currently unavailable)
Will    +....      NoTele   +   (boots unavailable)
Stlth   ++........              t - amulet of reflection
HPRegen 0.28/turn               y - ring "Icuts" {rF+ rCorr Str+6}
MPRegen 0.00/turn               (no ring)

@: tree-form, marked
A: stationary, stasis, torment immunity, boosted hp, sickness immunity, (fire
resistance 2), (cold vulnerability 1), float, innate caster, hp casting, extra
vitality 1
a: Renounce Religion


You were on level 6 of the Dungeon.
You worshipped Makhleb.
Makhleb was noncommittal.
You were a tree.
You visited 2 branches of the dungeon, and saw 9 of its levels.

You collected 304 gold pieces.
You spent 231 gold pieces at shops.

Inventory:

Hand Weapons
 b - a +0 morningstar (weapon)
Armour
 i - a +0 buckler (worn)
 o - a +2 robe of willpower (melded)
 B - a +1 hat (melded)
Jewellery
 t - an amulet of reflection (around neck)
 y - the ring "Icuts" (left branch) {rF+ rCorr Str+6}
   (You found it on level 7 of the Dungeon)

   [ring of strength]

   Str:       It affects your strength (+6).
   rF:        It protects you from fire.
   rCorr:     It protects you from acid and corrosion.
Wands
 m - a wand of acid (7)
Scrolls
 c - 2 scrolls of magic mapping
 g - 3 scrolls of blinking
 j - a scroll of enchant weapon {unknown}
 l - 2 scrolls of immolation {unknown}
 p - a scroll of teleportation {unknown}
 q - a scroll of fog {unknown}
 r - a scroll of silence {unknown}
 s - 2 scrolls of vulnerability {unknown}
 u - a scroll of enchant armour {unknown}
 w - a scroll of amnesia {unknown}
 x - a scroll of summoning {unknown}
Potions
 a - a potion of curing
 d - 2 potions of attraction
 e - a potion of lignification
 f - 2 potions of might {unknown}
 h - 2 potions of haste
 k - a potion of berserk rage {unknown}
 n - a potion of ambrosia {unknown}
 v - 2 potions of mutation {unknown}
 z - a potion of degeneration {unknown}
 A - a potion of heal wounds {unknown}


   Skills:
 + Level 6.3 Fighting
 + Level 4.1 Maces & Flails
 + Level 7.3 Dodging
 - Level 1.5 Stealth
 * Level 7.4 Spellcasting
 + Level 2.8 Invocations


You had 4 spell levels left.
You knew the following spells:

 Your Spells              Type           Power      Damage    Failure   Level
a - Sting                 Tmut/Pois      100%       1d8       1%          1
b - Poisonous Vapours     Pois/Air       76%        N/A       1%          2
c - Mephitic Cloud        Conj/Pois/Air  38%        N/A       1%          3
d - Olgreb's Toxic Radia  Pois           38%        N/A       5%          4
e - Summon Small Mammal   Summ           100%       N/A       1%          1
f - Blink                 Tloc           76%        N/A       1%          2
g - Dazzling Flash        Conj/Hex       76%        N/A       1%          3
h - Lesser Beckoning      Tloc           38%        N/A       1%          3
Your spell library was empty.

Dungeon Overview and Level Annotations

Branches:
Dungeon (8/15)             Temple (1/1) D:5
   Lair: D:8-11

Altars:
Ashenzari
Cheibriados
Dithmenos
Elyvilon
Fedhas
Gozag
Hepliaklqana
Kikubaaqudgha
Makhleb
Nemelex Xobeh
Okawaru
Qazlal
Ru
Sif Muna
Trog
Uskayaw
Vehumet
Wu Jian
Xom
Yredelemnul
Zin
The Shining One

Shops:
D:2 :((*   D:7 (

Annotations:
D:7 Harold


Innate Abilities, Weirdness & Mutations

You are a tree.
Your roots penetrate the ground, keeping you stationary.
You cannot be teleported.
You are immune to unholy pain and torment.
Your maximum health is greatly increased.
Your equipment is partially melded.
You are immune to sickness and miasma.
You are immune to poison.
((Your flesh is very heat resistant. (rF++)))
((You are vulnerable to cold. (rC-)))
You float through the air rather than walking.
You learn spells naturally, not from books.
Your magical power is your life essence.
You have superior vitality. (+4 MHP)


Message History

There is an open door here.
Harold pauses a moment, imagining something with a smile on his face.
You block the water moccasin's attack. The water moccasin bites you!
* * * LOW HITPOINT WARNING * * *
You block the water moccasin's attack.
Harold says, "Ah, this is what I got into this business for!"
Harold throws a throwing net.
The throwing net closely misses you.
You see here a throwing net.
Harold looks more healthy.
The water moccasin barely misses you. You block the water moccasin's attack.
There is a stone staircase leading up here.
The water moccasin bites you.
* * * LOW HITPOINT WARNING * * *
You fly upwards.
There is a stone staircase leading down here.
Casting: Olgreb's Toxic Radiance (dangerous; 5% risk of failure)
Confirm with . or Enter, or press ? or * to list all spells.
Aiming: Sting (safe; 1% risk of failure)
Press: ? - help, Shift-Dir - straight line, f - water moccasin
Aim: a water moccasin (63% to hit)
The sting hits the water moccasin.
The water moccasin is poisoned.
The water moccasin is lightly wounded.
* * * LOW HITPOINT WARNING * * *
The water moccasin bites you.
* * * LOW HITPOINT WARNING * * *
The water moccasin barely misses you.
Casting: Sting (safe; 1% risk of failure)
Confirm with . or Enter, or press ? or * to list all spells.
You don't have enough health to cast this spell.
Unknown command.
Unknown command.
Really quaff the potion of lignification? [Y]es or [N]o only, please.
Really quaff the potion of lignification?
You turn into a tree.
Your +1 hat melds into your body.
Your +2 robe of willpower melds into your body.
You feel less strong-willed.
Your roots penetrate the ground.
The water moccasin bites you.
You die...

#.#.# #.#.# #.#.#
#.#.# #.#.# #.#.#
#.#.#
#.#.################
#.#♣................
#.#.S##.############
#.#..##.# ###
#.#..##.# #.#
#.#..##.####.#######
#.#..............).)
#.##.#####.#.#####.#
#.##.# #...# #.#
#.##.## ##### #..


You could see a water moccasin (poisoned).

Vanquished Creatures
  A two-headed ogre (D:5)
  A hornet (D:7)
  Sigmund (D:3)
  A steam dragon (D:7)
  Menkaure (D:6)
  An ice beast (D:7)
  4 ogres
  2 necrophages (D:6)
  A centaur (D:5)
  Blork the orc (D:4)
  2 bullfrogs
  2 scorpions
  A wyvern skeleton (D:7)
  2 howler monkeys
  6 electric eels (D:7)
  A bullfrog zombie (D:7)
  5 hounds
  A bullfrog skeleton (D:5)
  2 gnoll shamans
  5 iguanas
  An orc priest (D:4)
  2 orc wizards
  A hound skeleton (D:4)
  24 gnolls
  7 adders
  4 ufetubi
  A dart slug (D:4)
  A worm (D:4)
  8 orcs
  4 endoplasms (D:2)
  4 giant cockroaches
  5 goblins
  7 hobgoblins
  2 jackals (D:1)
  6 kobolds
  2 quokkas (D:1)
  4 ball pythons
  6 bats
  2 frilled lizards (D:2)
  4 rats
136 creatures vanquished.

Vanquished Creatures (collateral kills)
  A necrophage (D:8)
  A phantom (D:6)
  A bullfrog skeleton (D:3)
  A shadow imp (D:5)
  An endoplasm (D:3)
5 creatures vanquished.

Vanquished Creatures (others)
  11 plants (D:7)
11 creatures vanquished.

Grand Total: 152 creatures vanquished

Notes
Turn   | Place    | Note
-------+----------+-------------------------------------------
     0 | D:1      | siradein the Djinni Venom Mage began the quest for the Orb.
     0 | D:1      | Reached XP level 1. HP: 15/15 MP: 0/0
   314 | D:1      | Reached XP level 2. HP: 18/22 MP: 0/0
   539 | D:1      | Reached skill level 1 in Fighting
  1255 | D:2      | Reached XP level 3. HP: 25/27 MP: 0/0
  1255 | D:2      | Learned a level 1 spell: Summon Small Mammal
  1313 | D:2      | Found Baffokoy's Antique Weapon Emporium.
  1337 | D:2      | Found Ogyil's Book Shoppe.
  1439 | D:2      | Found Qeenueh's Antique Weapon Emporium.
  1553 | D:2      | Found a faded altar of an unknown god.
  1597 | D:2      | Found Necoaq's Assorted Antiques.
  2213 | D:3      | Reached XP level 4. HP: 10/33 MP: 0/0
  2575 | D:3      | Reached XP level 5. HP: 35/38 MP: 0/0
  2575 | D:3      | Learned a level 2 spell: Blink
  2599 | D:3      | Noticed Sigmund
  2641 | D:3      | Killed Sigmund
  2642 | D:3      | Reached XP level 6. HP: 24/45 MP: 0/0
  3622 | D:4      | Noticed Blork the orc
  3645 | D:4      | Killed Blork the orc
  3646 | D:4      | Reached XP level 7. HP: 30/50 MP: 0/0
  3646 | D:4      | Learned a level 3 spell: Dazzling Flash
  5125 | D:4      | Found a shimmering altar of Xom.
  5311 | D:4      | Reached skill level 1 in Maces & Flails
  5311 | D:4      | Reached XP level 8. HP: 47/58 MP: 0/0
  5407 | D:4      | Reached skill level 5 in Spellcasting
  5455 | D:4      | Reached skill level 5 in Dodging
  5925 | D:5      | Entered Level 5 of the Dungeon
  6351 | D:5      | Noticed a two-headed ogre
  6373 | D:5      | Killed a two-headed ogre
  6374 | D:5      | Reached skill level 5 in Fighting
  6374 | D:5      | Reached XP level 9. HP: 54/65 MP: 0/0
  6374 | D:5      | Learned a level 3 spell: Lesser Beckoning
  6896 | D:5      | Found a staircase to the Ecumenical Temple.
  6906 | Temple   | Entered the Ecumenical Temple
  7056 | Temple   | Became a worshipper of Makhleb the Destroyer
  7628 | D:6      | Noticed Menkaure
  7643 | D:6      | Killed Menkaure
  8133 | D:6      | Reached skill level 1 in Invocations
  9411 | D:7      | Reached XP level 10. HP: 60/72 MP: 0/0
  9486 | D:7      | Reached * piety under Makhleb
 10923 | D:7      | Identified the ring "Icuts" {rF+ rCorr Str+6}
 11116 | D:7      | Found Loroerr Zyask's Antique Weapon Emporium.
 11411 | D:2      | Bought a runed hat for 231 gold pieces
 11567 | D:8      | Noticed a two-headed ogre
 11569 | D:8      | Noticed Harold
 11607 | D:6      | HP: 1/72 [water moccasin (2)]
 11608 | D:6      | Slain by a water moccasin

Illustrated notes

Levels and vault maps discovered:
D:1:      zelgadis_glass_arrival_small, layout_rooms
D:2:      layout_loops_ring, serial_shops, nicolae_shop_hallway_plus, shop,
          shop_coins, nicolae_shop_advertising_works
          [nicolae_subvault_shop_adworks], ebering_ecumenical_altar_mist
D:3:      layout_basic, uniq_sigmund
D:4:      layout_basic, lemuel_coloured_pillars_altar, st_stairs_5,
          uniq_blork_the_orc
D:5:      layout_layer_cave, minmay_temple_entry_ruins
D:6:      cheibrodos_iron_armory, layout_basic, uniq_menkaure
D:7:      layout_gridville, serial_shops, shop, serial_bayou_lake_a
D:8:      minmay_spotlight, layout_rooms, kennysheep_small_spiral,
          minmay_manual_mail, uniq_harold
Temple:   minmay_crystal_snake_temple

Skill      XL: |  1  2  3  4  5  6  7  8  9 10 |
---------------+-------------------------------+-----
Fighting       | 1 2 3 5 6 |  6.3
Dodging        | 3 4 6 7 |  7.3
Spellcasting   | 3 4 6 7 |  7.4
Maces & Flails | 1 3 4 |  4.1
Invocations    | 1 2 |  2.8
Stealth        | |  1.5

Action                   |  1- 3 |  4- 6 |  7- 9 | 10-12 || total
-------------------------+-------+-------+-------+-------++-------
Melee: Whip              |     7 |     6 |       |       ||    13
       Morningstar       |       |       |    70 |    34 ||   104
 Cast: Sting             |    59 |    48 |   160 |     3 ||   270
       Poisonous Vapours |     1 |     4 |     5 |     5 ||    15
       Summon Small Mamm |       |     4 |    12 |     4 ||    20
       Mephitic Cloud    |       |       |    20 |     8 ||    28
       Olgreb's Toxic Ra |       |       |    11 |    16 ||    27
       Dazzling Flash    |       |       |     1 |     1 ||     2
Evoke: Wand              |       |       |     2 |       ||     2
  Use: Scroll            |     3 |       |     2 |       ||     5
       Potion            |       |       |       |     1 ||     1
 Stab: Invisible         |       |       |     1 |       ||     1
Armor: Robe              |     6 |     3 |    21 |     7 ||    37
Dodge: Dodged            |    20 |    23 |   111 |    42 ||   196
Block: Buckler           |     1 |     3 |    27 |    14 ||    45

Table legend: (Time is in decaauts)
 A = Elapsed time spent in this place.
 B = Non-inter-level travel time spent in this place.
 C = Inter-level travel time spent in this place.
 D = Time resting spent in this place.
 E = Time spent auto-exploring this place.
 F = Levels seen in this place.
 G = Mean time per level.
                   A        B        C        D        E       F      G
               +--------+--------+--------+--------+--------+-----+--------+
         Total |  11652 |  11133 |    519 |    443 |   9011 |   9 | 1294.7 |
       Dungeon |  11444 |  10963 |    481 |    443 |   8863 |   8 | 1430.5 |
        Temple |    207 |    169 |     38 |      0 |    148 |   1 |  207.0 |
               +--------+--------+--------+--------+--------+-----+--------+

Top non-repeatable levels by time:
     D:4: 2347 daAuts
     D:7: 1980 daAuts
     D:6: 1799 daAuts
     D:3: 1628 daAuts
     D:5: 1539 daAuts
     D:1: 1082 daAuts
     D:2: 1031 daAuts
  Temple: 207 daAuts
     D:8: 35 daAuts
